 Dungeon Crawl Stone Soup version 0.29-a0-520-gc852659d43 (webtiles) character file.

Game seed: 13164567828735608806

1310 kae the Firebug (level 8, 0/63 HPs)
             Began as a Demigod Fire Elementalist on May 31, 2022.
             Slain by an iguana (1 damage)
             ... on level 6 of the Dungeon.
             The game lasted 00:06:07 (7451 turns).

kae the Firebug (Demigod Fire Elementalist)         Turns: 7451, Time: 00:06:08

Health: 0/63       AC:  6    Str:  9    XL:     8   Next: 10%
Magic:  9/16       EV: 12    Int: 25    God:
Gold:   301        SH:  0    Dex: 14    Spells: 8/14 levels left

rFire   + . .      SeeInvis .   (no weapon)
rCold   . . .      Faith    .   (no shield)
rNeg    . . .      Spirit   .   e - +3 leather armour {rF+}
rPois   .          Reflect  .   (no helmet)
rElec   .          Harm     .   (no cloak)
rCorr   .          Rampage  .   (no gloves)
Will    .....                   (no boots)
Stlth   ++........              d - amulet of regeneration
HPRegen 1.00/turn               (no ring)
MPRegen 0.15/turn               (no ring)

@: no status effects
A: high MP 1, forlorn, divine attributes
a: no special abilities


You were on level 6 of the Dungeon.
You visited 1 branch of the dungeon, and saw 7 of its levels.

You collected 301 gold pieces.

Inventory:

Armour
 a - a +0 robe
 e - a +3 leather armour of fire resistance (worn)
Jewellery
 d - an amulet of regeneration (around neck)
Wands
 i - a wand of polymorph (7)
 m - a wand of flame (14)
Scrolls
 k - a scroll of teleportation
 o - a scroll of magic mapping
Potions
 b - 3 potions of curing
 c - 5 potions of flight
 f - 3 potions of degeneration
 g - a potion of might
 h - a potion of invisibility
 j - 3 potions of attraction
 l - a potion of brilliance
 n - a potion of mutation {unknown}
 p - a potion of berserk rage {unknown}
 r - a potion of resistance {unknown}
 s - 2 potions of heal wounds {unknown}


   Skills:
 + Level 3.3 Fighting
 + Level 3.8 Dodging
 - Level 1.7 Stealth
 + Level 3.5 Spellcasting
 * Level 4.9 Conjurations
 * Level 5.6 Fire Magic


You had 8 spell levels left.
You knew the following spells:

 Your Spells              Type           Power      Damage    Failure   Level
a - Foxfire               Conj/Fire      100%       2x1d9     1%          1
b - Scorch                Fire           64%        2d8       1%          2
c - Conjure Flame         Conj/Fire      30%        6-21      4%          3

Your spell library contained the following spells:

 Spells                   Type           Power      Damage    Failure   Level
 Inner Flame              Hex/Fire       18%        N/A       13%         3
 Flame Wave               Conj/Fire      30%        2d8       16%         4


Dungeon Overview and Level Annotations

Branches:
Dungeon (7/15)             Temple (0/1) D:4

Shops:
D:5 =

Annotations:
D:4 1 runed translucent door, Crazy Yiuf


Innate Abilities, Weirdness & Mutations

You have an increased reservoir of magic. (+10% MP)
You shall have no god before yourself.
Your divine heritage dramatically boosts your attributes as you level up.


Message History

The sky beast is lightly wounded.
The foxfire hits the sky beast.
The sky beast is moderately wounded.
The sky beast hits you. The sky beast shocks you.
Casting: Foxfire (safe; 1% risk of failure)
Confirm with . or Enter, or press ? or * to list all spells.
You conjure some foxfire!
The sky beast flickers out of sight!
Deactivating autopickup; reactivate with Ctrl-A.
Something hits you. Something shocks you.
The foxfire hits something but does no damage.
The foxfire hits the iguana.
The iguana is moderately wounded.
Something hits you. Something shocks you. The iguana bites you!
The hound bites you but does no damage.
Casting: Foxfire (safe; 1% risk of failure)
Confirm with . or Enter, or press ? or * to list all spells.
Flames lash the iguana but do no damage.
The iguana bites you! Something hits you but does no damage.
The hound closely misses you. The hound barely misses you.
The iguana closely misses you.
A sky beast appears from thin air!
Reactivating autopickup.
The sky beast closely misses you. The hound closely misses you.
Casting: Scorch (safe; 1% risk of failure)
Confirm with . or Enter, or press ? or * to list all spells.
Flames lash the sky beast.
The sky beast is heavily wounded.
The sky beast's fire resistance burns away.
The iguana bites you!
* * * LOW HITPOINT WARNING * * *
The sky beast hits you.
* * * LOW HITPOINT WARNING * * *
The sky beast shocks you.
* * * LOW HITPOINT WARNING * * *
The hound bites you.
* * * LOW HITPOINT WARNING * * *
The hound bites you.
* * * LOW HITPOINT WARNING * * *
The iguana bites you.
You die...

#............
#..#.<....... ......
####.....#... .....#
#......##..##.....##
###<...## .........
##.......# .........
#........# #.......#
##.......####lh....#
##......##..@Y....#
##.##...#....#.###
####.....#.##
###......####
####.......##
#.#..#.....####
##.#........#..#
##....##........#
.............#.##


You could see a sky beast (combustible), an iguana and a hound.

Vanquished Creatures
  Sigmund (D:5)
  2 ogres (D:5)
  A centaur (D:5)
  A phantom (D:4)
  A bullfrog (D:6)
  A necrophage (D:5)
  A scorpion (D:5)
  2 howler monkeys
  4 jellies
  3 hounds
  2 iguanas (D:5)
  2 orc wizards
  4 adders
  9 gnolls
  A white imp (D:5)
  A worm (D:2)
  3 dart slugs (D:1)
  14 orcs
  6 endoplasms
  2 giant cockroaches
  7 goblins
  9 hobgoblins
  23 jackals
  8 kobolds
  3 quokkas
  5 ball pythons
  6 bats
  5 frilled lizards
  A rat (D:1)
128 creatures vanquished.

Vanquished Creatures (others)
  466 foxfires
  2 fungi (D:4)
  4 plants (D:3)
472 creatures vanquished.

Grand Total: 600 creatures vanquished

Notes
Turn   | Place    | Note
-------+----------+-------------------------------------------
     0 | D:1      | kae the Demigod Fire Elementalist began the quest for the
                  | Orb.
     0 | D:1      | Reached XP level 1. HP: 14/14 MP: 5/5
    67 | D:1      | Reached skill level 1 in Conjurations
   185 | D:1      | Reached XP level 2. HP: 6/22 MP: 1/7
   444 | D:1      | Reached skill level 3 in Fire Magic
   901 | D:1      | Reached XP level 3. HP: 27/27 MP: 3/8
  2333 | D:2      | Learned a level 2 spell: Scorch
  2403 | D:2      | Learned a level 3 spell: Conjure Flame
  2443 | D:2      | Reached skill level 1 in Fighting
  2690 | D:2      | Reached XP level 4. HP: 32/35 MP: 3/9
  4155 | D:4      | You fall into a shaft and drop 3 floors!
  4185 | D:7      | Reached XP level 5. HP: 40/40 MP: 4/11
  4362 | D:7      | Noticed an orc warrior
  4549 | D:6      | Reached skill level 4 in Fire Magic
  4557 | D:6      | Reached XP level 6. HP: 43/48 MP: 5/12
  4580 | D:5      | Entered Level 5 of the Dungeon
  5083 | D:4      | Found a staircase to the Ecumenical Temple.
  5735 | D:4      | Found a runed translucent door.
  5736 | D:4      | Noticed Crazy Yiuf
  5799 | D:5      | Reached XP level 7. HP: 35/56 MP: 4/14
  6149 | D:5      | Noticed Sigmund
  6154 | D:5      | Killed Sigmund
  6155 | D:5      | Reached skill level 5 in Fire Magic
  6982 | D:5      | Reached XP level 8. HP: 34/63 MP: 7/16
  7185 | D:5      | Found Liozuex's Jewellery Shop.
  7451 | D:6      | HP: 1/63 [hound (4)]
  7451 | D:6      | Slain by an iguana

Illustrated notes

Levels and vault maps discovered:
D:1:      lightli_iron_boxes, layout_loops_ring, serial_aquarium,
          aquarium_bridge_square [aquarium_subvault_bridge,
          aquarium_subvault_window, aquarium_subvault_wall,
          aquarium_subvault_wall], aquarium_window_3, aquarium_window_2,
          aquarium_view_2e, minmay_heptomino_o4
D:2:      wad_river_or_something, layout_basic,
          hellmonk_ecumenical_altar_lost_god, minmay_randomly_rotated_circles
D:3:      layout_basic, eino_tiny_chamber, nicolae_grassy_gnolls
D:4:      layout_cave_pools, kennysheep_orc_sif_temple,
          minmay_temple_entry_statues_fountains, uniq_crazy_yiuf_cottage
D:5:      layout_layer_cave, chequers_serial_rivers_small_a,
          amcnicky_mini_rare_corridor_liquid, minmay_shop_enchanted_jewellery,
          uniq_sigmund
D:6:      layout_cave_pools, kennysheep_generic_room_15
D:7:      layout_basic, nicolae_shop_gadgets

Skill      XL: |  1  2  3  4  5  6  7 |
---------------+----------------------+-----
Conjurations   | 1 2 3 4 |  4.9
Fire Magic     | 3 4 5 |  5.6
Dodging        | 2 3 |  3.8
Spellcasting   | 2 3 |  3.5
Fighting       | 1 2 3 |  3.3
Stealth        | |  1.7

Action                   |  1- 3 |  4- 6 |  7- 9 || total
-------------------------+-------+-------+-------++-------
Melee: Unarmed           |     1 |    25 |       ||    26
       Punch             |       |     1 |       ||     1
 Cast: Foxfire           |   113 |   127 |    33 ||   273
       Scorch            |     3 |    23 |    19 ||    45
       Conjure Flame     |       |     1 |     2 ||     3
  Use: Potion            |     1 |     2 |       ||     3
       Scroll            |     5 |    13 |     2 ||    20
Armor: Robe              |    10 |       |       ||    10
       Leather armour    |    13 |    42 |     7 ||    62
Dodge: Dodged            |    49 |    79 |    15 ||   143

Table legend: (Time is in decaauts)
 A = Elapsed time spent in this place.
 B = Non-inter-level travel time spent in this place.
 C = Inter-level travel time spent in this place.
 D = Time resting spent in this place.
 E = Time spent auto-exploring this place.
 F = Levels seen in this place.
 G = Mean time per level.
                   A        B        C        D        E       F      G
               +--------+--------+--------+--------+--------+-----+--------+
         Total |   7458 |   7219 |    239 |    154 |   5960 |   7 | 1065.4 |
       Dungeon |   7458 |   7219 |    239 |    154 |   5960 |   7 | 1065.4 |
               +--------+--------+--------+--------+--------+-----+--------+

Top non-repeatable levels by time:
     D:1: 1583 daAuts
     D:5: 1566 daAuts
     D:2: 1383 daAuts
     D:3: 1354 daAuts
     D:4: 1076 daAuts
     D:7: 386 daAuts
     D:6: 108 daAuts
